Cogmind - Beta 9.2 @@@ ROGUE MODE // 2019.12.02 @ 18:49:43 Player: GammaGradiation Result: Destroyed by G-47 Trooper with Particle Gun Performance ------------- Evolutions (1) 500 Regions Visited (3) 600 Robots Destroyed (8) 40 Value Destroyed (247) 247 Prototype IDs (0) 0 Alien Tech Used (0) 0 Bonus (0) 0 TOTAL SCORE: 1387 Bonus ------- None Cogmind --------- Core Integrity 0/400 Matter 250/300 Energy 4/100 System Corruption 0% Temperature Cool (9) Movement Flying (37) Location -9/Materials Parts ------- > --- POWER (1) -------- (None) > --- PROPULSION (3) --- Flight Unit Flight Unit > --- UTILITY (3) ------ Small Storage Unit > --- WEAPON (2) ------- (None) > --- INVENTORY (6) ---- Flight Unit Flight Unit Large Storage Unit Autogun Grenade Launcher Peak State ------------ > --- POWER ------------ Ion Engine > --- PROPULSION ------- Flight Unit Flight Unit Flight Unit > --- UTILITY ---------- (None) > --- WEAPON ----------- Grenade Launcher Hammer > --- INVENTORY -------- Small Storage Unit Sensor Array [Rating: 6] Favorites ----------- Power Ion Engine Engine Ion Engine Propulsion Flight Unit Flight Unit Flight Unit Utility Sensor Array Device Sensor Array Storage Small Storage Unit Protection Light Armor Plating Weapon Light Assault Rifle Energy Gun Small Laser Ballistic Gun Light Assault Rifle Launcher Grenade Launcher Impact Weapon Hammer Build | -11 -10 -10 -9 ------- Run | Scr Mat Min Mat Slots Evolved 2 | . . . 2 Power . | . . . . Propulsion 1 | . . . 1 Utility 1 | . . . 1 Weapon . | . . . . Parts Attached 26 | 2 4 5 15 Power 1 | . . . 1 Engine 1 | . . . 1 Core . | . . . . Reactor . | . . . . Propulsion 7 | . . 3 4 Treads . | . . . . Leg . | . . . . Wheel . | . . . . Hover . | . . . . Flight 7 | . . 3 4 Utility 8 | . 2 1 5 Device 4 | . 2 . 2 Storage 3 | . . 1 2 Processor . | . . . . Hackware . | . . . . Protection 1 | . . . 1 Artifact . | . . . . Weapon 10 | 2 2 1 5 Energy Gun 1 | 1 . . . Energy Cannon . | . . . . Ballistic Gun 2 | 1 . . 1 Ballistic Cannon . | . . . . Launcher 4 | . 1 1 2 Special Weapon . | . . . . Impact Weapon 3 | . 1 . 2 Slashing Weapon . | . . . . Piercing Weapon . | . . . . Special Melee Weapon . | . . . . Unidentified Prototypes . | . . . . Parts Lost 9 | . 2 . 7 Power 1 | . . . 1 Propulsion 3 | . . . 3 Utility 2 | . . . 2 Weapon 3 | . 2 . 1 Highest Loss Streak 3 | . 2 . 3 Average Slot Usage (%) 38 | . 35 42 40 Engine 4 | . . . 7 Flight 12 | . . 14 20 Device 6 | . 10 . 4 Protection 1 | . . . 2 Energy Gun 3 | . 10 . . Ballistic Gun 4 | . 11 . . Launcher 1 | . . 14 . Impact Weapon 3 | . 2 14 3 Naked Turns 2 | . . . 2 Heaviest Build 10 | 2 3 5 10 Greatest Support 12 | 3 3 8 12 Greatest Overweight (x) 2 | . . 1 2 Average Overweight (x) . | . . . . Largest Inventory Capacity 6 | 4 4 6 6 Average Capacity 4 | 4 4 4 4 Most Carried 5 | 4 4 4 5 Average Carried 3 | 2 3 3 3 Final Capacity 6 | 4 4 4 6 Final Carried 5 | 4 4 4 5 Class Distribution -------------------- 100% | Mutant Dominant Class ---------------- Mutant | -10/Materials Mutant | -10/Mines Mutant | -9/Materials Resources | -11 -10 -10 -9 ----------- Run | Scr Mat Min Mat Matter Collected 438 | 220 43 33 142 Remotely . | . . . . Salvage Created 257 | . 94 33 130 Parts 12 | . 1 4 7 Haulers Intercepted . | . . . . Recyclers Shooed . | . . . . Parts Field Recycled . | . . . . Retrieved Matter . | . . . . Parts Self-Destructed . | . . . . Prevented . | . . . . Kills | -11 -10 -10 -9 ------- Run | Scr Mat Min Mat Combat Hostiles Destroyed 8 | . 2 3 3 Melee 2 | . . . 2 Guns 1 | . 1 . . AOE 4 | . . 3 1 Classes Destroyed 3 | . 1 1 1 Swarmer 3 | . . 3 . Grunt 4 | . 2 . 2 Sentry 1 | . . . 1 Best Kill Streak 3 | . 1 3 1 Combat Bots Only 3 | . 1 3 1 Max Kills in Single Turn 3 | . 1 3 1 Gunslinging . | . . . . Exploded 3 | . . 3 1 Melee 1 | . . . 1 Uniques/NPCs Destroyed . | . . . . Combat | -11 -10 -10 -9 -------- Run | Scr Mat Min Mat Damage Taken 1030 | . 270 10 750 Core 520 | . 109 . 411 Absorbed by Shields . | . . . . Core Remaining (%) 78 | 100 . 56 . Volleys Fired 15 | . 10 1 4 Largest 2 | . 2 1 1 Hottest 60 | . 60 30 30 Shots Fired 22 | . 17 1 4 Gun 17 | . 17 . . Cannon . | . . . . Launcher 5 | . . 1 4 Special . | . . . . Kinetic 10 | . 10 . . Thermal 7 | . 7 . . Explosive 5 | . . 1 4 Electromagnetic . | . . . . Robot Hit Streak 7 | . 7 . 4 Robot Miss Streak 3 | . 3 . . Penetration Max . | . . . . Secondary Targets . | . . . . Shots Hit Robots 32 | . 14 . 18 Core Hits 18 | . 4 3 11 Critical Hits . | . . . . Critical Kills . | . . . . Critical Parts Destroyed . | . . . . Melee Attacks 26 | . 5 . 21 Impact 26 | . 5 . 21 Slashing . | . . . . Piercing . | . . . . Sneak Attacks 2 | . . . 2 Combat Hostiles 1 | . . . 1 Follow-up Attacks . | . . . . Damage Inflicted 816 | . 176 108 532 Guns 112 | . 112 . . Cannons . | . . . . Explosions 359 | . . 108 251 Melee 345 | . 64 . 281 Ramming . | . . . . Kinetic 59 | . 59 . . Thermal 53 | . 53 . . Explosive 359 | . . 108 251 Electromagnetic . | . . . . Impact 345 | . 64 . 281 Slashing . | . . . . Piercing . | . . . . Highest Corruption . | . . . . Average Corruption . | . . . . Corruption Purged . | . . . . Overload Shots . | . . . . Overflow Damage 34 | . 12 . 22 Projectiles . | . . . . Explosions 22 | . . . 22 Melee 12 | . 12 . . Knockbacks 3 | . 2 . 1 Impact 3 | . 2 . 1 Kinetic . | . . . . Secondary . | . . . . Self-Inflicted Damage . | . . . . Shots . | . . . . Rammed . | . . . . Targets Rammed . | . . . . Kicked . | . . . . Crushed . | . . . . Highest Temperature 26 | . 26 . . Average Temperature 12 | . 12 . . Received Heat Transfer 558 | . 150 . 408 Siege Activations . | . . . . Robots Corrupted . | . . . . Combat Hostiles . | . . . . Parts Fried . | . . . . Impact Corruptions 1 | . 1 . . Robots Melted . | . . . . Combat Hostiles . | . . . . Parts Melted . | . . . . Heat Transferred 125 | . 125 . . Parts Sabotaged . | . . . . Parts Stolen . | . . . . Parts Stripped . | . . . . Power Chain Reactions . | . . . . Missiles Intercepted . | . . . . Alert | -11 -10 -10 -9 ------- Run | Scr Mat Min Mat Peak Influence 213 | . 55 106 213 Average Influence 75 | . 14 91 120 Maximum Alert Level 1 | . . . 1 Low Security (%) 94 | 100 100 100 89 Level 1 5 | . . . 10 Level 2 . | . . . . Level 3 . | . . . . Level 4 . | . . . . Level 5 . | . . . . High Security . | . . . . Max Security . | . . . . Squads Dispatched 2 | . 1 . 1 Investigation . | . . . . Extermination . | . . . . Reinforcement 2 | . 1 . 1 Assault . | . . . . Garrison . | . . . . Intercept . | . . . . Construction Impeded . | . . . . Haulers Reinforced . | . . . . Stealth | -11 -10 -10 -9 --------- Run | Scr Mat Min Mat Distress Signals 2 | . 1 . 1 Communications Jammed . | . . . . Distress Signals . | . . . . Times Spotted 22 | . 10 3 9 Peak Tracking Total 6 | . 6 3 5 Tactical Retreats 1 | . . . 1 Traps | -11 -10 -10 -9 ------- Run | Scr Mat Min Mat Traps Triggered . | . . . . Indirectly . | . . . . Trap Hack Attempts . | . . . . Triggered . | . . . . Disarmed . | . . . . Reprogrammed . | . . . . Reused . | . . . . Traps Extracted . | . . . . Installed . | . . . . Triggered . | . . . . Machines | -11 -10 -10 -9 ---------- Run | Scr Mat Min Mat Machines Disabled 1 | . . . 1 Max in Single Turn 1 | . . . 1 Machines Sabotaged . | . . . . Garrisons Compromised . | . . . . Overloaded Fab Kills . | . . . . Fab Network Shutdowns . | . . . . Hacking | -11 -10 -10 -9 --------- Run | Scr Mat Min Mat Machines Accessed 9 | . 4 . 5 Terminals 8 | . 4 . 4 Fabricators . | . . . . Repair Stations . | . . . . Recycling Units . | . . . . Scanalyzers 1 | . . . 1 Garrison Access . | . . . . Total Hacks 22 | . 8 . 14 Successful 13 | . 3 . 10 Failed 9 | . 5 . 4 Catastrophic 3 | . 1 . 2 Database Lockouts . | . . . . Manual 9 | . 3 . 6 Terminals 18 | . 8 . 10 Fabricators . | . . . . Repair Stations . | . . . . Recycling Units . | . . . . Scanalyzers 4 | . . . 4 Garrison Access . | . . . . Terminal Hacks 8 | . 3 . 5 Branch Access Points 1 | . . . 1 Emergency Access Points 1 | . 1 . . Alert Level 2 | . . . 2 Recall Investigation 1 | . . . 1 Zone Layout 3 | . 2 . 1 Fabricator Hacks . | . . . . Repair Station Hacks . | . . . . Recycling Unit Hacks . | . . . . Scanalyzer 4 | . . . 4 Insert Component 2 | . . . 2 Analyze 2 | . . . 2 Garrison Access Hacks . | . . . . Unauthorized Hacks 5 | . 3 . 2 Terminals 1 | . . . 1 Operators 1 | . . . 1 Fabricators . | . . . . Repair Stations . | . . . . Recycling Units . | . . . . Scanalyzers . | . . . . Garrison Access . | . . . . Data Cores Recovered . | . . . . Used . | . . . . Hacking Detections 6 | . 3 . 3 Full Trace Events . | . . . . Feedback Events . | . . . . Feedback Blocked . | . . . . Robot Schematics Acquired . | . . . . Robots Built . | . . . . Matter . | . . . . Time . | . . . . Total Robot Build Rating . | . . . . Part Schematics Acquired 2 | . . . 2 Parts Built . | . . . . Matter . | . . . . Time . | . . . . Total Part Build Rating . | . . . . Parts Repaired . | . . . . Time . | . . . . Parts Recycled . | . . . . Recycled Matter . | . . . . Retrieved Matter . | . . . . Retrieved Components . | . . . . Parts Scanalyzed 2 | . . . 2 Part Schematics Acquired 2 | . . . 2 Parts Damaged . | . . . . Bothacking | -11 -10 -10 -9 ------------ Run | Scr Mat Min Mat Used RIF Installer . | . . . . Robots Hacked . | . . . . Non-combat . | . . . . Combat . | . . . . Robot Hacks Applied . | . . . . Relay Couplers Released . | . . . . Robots Rewired . | . . . . Allies Hacked . | . . . . Hacks Repelled . | . . . . Allies | -11 -10 -10 -9 -------- Run | Scr Mat Min Mat Total Allies . | . . . . Largest Group . | . . . . Highest-Rated Group . | . . . . Highest-Rated Ally . | . . . . Total Orders . | . . . . Ally Attacks . | . . . . Total Damage . | . . . . Kills . | . . . . Allies Corrupted . | . . . . Allies Melted . | . . . . Intel | -11 -10 -10 -9 ------- Run | Scr Mat Min Mat Robot Analysis Total . | . . . . Derelict Logs Recovered . | . . . . Drone Launches . | . . . . Drone Recoveries . | . . . . Exploration | -11 -10 -10 -9 ------------- Run | Scr Mat Min Mat Turns Passed 581 | 30 200 35 316 Spaces Moved 787 | 47 261 47 432 Core 339 | 47 261 16 15 Treads . | . . . . Legs . | . . . . Wheels . | . . . . Hover . | . . . . Flight 448 | . . 31 417 Fastest Speed 34 | 50 50 37 34 Average Speed 44 | 50 50 52 39 Slowest Speed 150 | 50 50 120 150 Overloaded Moves . | . . . . Propulsion Burnouts . | . . . . Robots Hopped 3 | . . . 3 Cave-ins Triggered . | . . . . Exploration Rate (%) 28 | 3 59 22 29 Regions Visited 3 Branch Regions 1 Pre-discovered Areas . | . . . . Known Exits Taken . | . . . . Unknown Exits Taken 3 | 1 1 1 . Scrap Searched 1 | . . 1 . Spaces Dug 1 | . . . 1 Terrain Destroyed 24 | . . 6 18 Melee 1 | . . . 1 Projectile . | . . . . AOE 23 | . . 6 17 Actions | -11 -10 -10 -9 --------- Run | Scr Mat Min Mat Total 953 | 52 307 54 540 Wait 80 | . 22 1 57 Move 778 | 46 260 46 426 Hop 3 | . . . 3 Pick Up 10 | 4 2 . 4 Fast Attach 10 | 2 2 2 4 Attach 14 | . 1 2 11 Detach 11 | . 1 1 9 Swap 2 | . 1 1 . Drop 4 | . 3 . 1 Fire 15 | . 10 1 4 Melee 26 | . 5 . 21 Ram . | . . . . Kick . | . . . . Crush . | . . . . Escape Stasis . | . . . . Rewire . | . . . . Trap . | . . . . Miscellaneous . | . . . . Route ------- -11/Scrapyard -10/Materials (discovered 2 exits: *Mat / [*Min]) -10/Mines -9/Materials (discovered 2 exits: Min x2) History --------- Turn | Location | Event 21 | -11/Scrapyard | Discovered new exit (range 15) 31 | -11/Scrapyard | Entered Materials 83 | -10/Materials | Discovered new exit (range 10) 214 | -10/Materials | Discovered new exit (range 13) 231 | -10/Materials | Entered Mines 258 | -10/Mines | Discovered new exit (range 15) 266 | -10/Mines | Entered Materials 266 | -9/Materials | Evolved 2 slots: Propulsion x1, Utility x1 313 | -9/Materials | Build established: Mutant 459 | -9/Materials | Lost 3 parts (2n1u) 466 | -9/Materials | Core integrity fell below 50% 523 | -9/Materials | Identified exit to Mines 574 | -9/Materials | Core integrity fell below 20% 582 | -9/Materials | Destroyed by G-47 Trooper with Particle Gun Last Messages --------------- >>Access(Branch) Found 2 branch access points: (48,49) Mines (7,29) Mines Map updated. 00523_ K-01 Serf collects debris. 00534_ Dropped Med. Storage Unit. 00534_ Acquired Lrg. Storage Unit. 00548_ W-16 Scout sends out distress signal. 00552_ Connecting with Terminal... >>Layout(Zone) Retrieving Zone 9B layout... Downloaded map data. 00552_ Connecting with Terminal... >>Alert(Check) Current Alert Level: 1-B 00563_ Acquired Flight Unit. 00570_ Lgt. Armor Plating destroyed. 00571_ Terminal disabled. 00575_ Flight Unit destroyed. Map ----- +----------------------------------------------------+ | ????????????????????????????????? ?# #######+### | | ????????????????????????????????? ?# #??# | | ????????????????????????????????? ?# #??# """" | | ????????????????????????????????? ?# #??# """" | | ???????????????????????????????????# #??# """" | | ???????????????????????????????????# #??# | | ???????????????????????????????????# #??# """" | | ??????????????????????????########## #??# """" | | ?????????>????????????????# # #??# """" | | ??????????????????????????# """"" # #??# | | ??????????????????????????# """"" # ########### | | ??????????????????????????# """"" # | | ??????????????????????????# """"" + | | ??????????????????????????#! """"" # """"" | | ??????????????????????????# """"" # """"" ##### | | ??????????????????????????# """"" #^ """"" """#? | | ??????????????????????????# # """"" T"#? | | ??????????????????????????########## """"" """#? | | ???????????????????????????????????# """"" ##### | | ???????????????????????????????????# """"" #?# | | ??????????????????????????????????## #?# | | ???????????######################## ### | | ??????????o r # | | ??????????= + | | ?????????? Yg " # | | ?????????????# @ g " # | | ?????????????????################### ####### # | | ??????????????????????????????# #?# ### | | ??????????????????????????????## #?# #?? | | ???????????????????????????????# """ ### #?? | | ???????????????????????????????# """ + #?? | | ???????????????????????????????# """ = ### #?? | | ????????????????????????####???# = #?# #?? | | ???????????????????????? #???# = #?# #?? | | ???????????????????????? #???#############?# #?? | | ???????????????????????? ######### #####+##? | | ???????????????????????? # """ ##""" # """ #? | | ???????????????????????? # """ ##""" # "T" #? | | ???????????????????????? # """ ##""" # #? | | ???????????????????????? # ##""" # #? | | ?????????????????????????????????????????????????? | | ?????????????????????????????????????????????????? | | ?????????????????????????????????????????????????? | | ?????????????????????????????????????????????????? | | ?????????????????????????????????????????????????? | | ?????????????????????????????????????????????????? | | ?????????????????????????????????????????????????? | | ?????????????????????????????????????????????????? | | ?????????????????????????????????????????????????? | | ?????????????????????????????????????????????????? | +----------------------------------------------------+ Best States ------------- Heat Dissipation 28 Energy Generation 10 Energy Capacity 250 Matter Stores 300 Matter Capacity 300 Sight Range 16 Robot Scan Range 10 Terrain Scan Density 10 Armor Coverage 150 Evasion (%) 63 Item Schematics ----------------- Med. Storage Unit | -9/Materials | Scanalyzed Sensor Array | -9/Materials | Scanalyzed Robot Schematics ------------------ None Fabricated ------------ Nothing Alien Tech Used ----------------- None Achievements -------------- None Challenges ------------ None Game ------ Seed TrapAlloyInsulator Manual? 0 Play Time 00:18:31 Cumulative 60.4 hours Start 2019.12.02 @ 17:51:31 End 2019.12.02 @ 18:49:43 Sessions 2 Manual Loads 0 Difficulty Rogue Special Mode None Game No. 47 Rogue 47 Adventurer 0 Explorer 0 Win Type - Total 0 Types 0/0/0/0/0/0/0 Lore% 48 Gallery% 48 Achievement% 38 Wizard Run 0 Options --------- ASCII 1 Keyboard 1 Movement Numpad Keybinds 0 Fullscreen 1 Font 18/SmallcapsGlow Map View 76x50 Tactical HUD 1 Map Filters NONE Filters NONE Steam 0 RUN: ff3f77d3-3465-485b-b401-61e087fe916e